 Dungeon Crawl Stone Soup version 0.31-a0-868-g674d60d6f7 (webtiles) character file.

Game seed: 6420564392836281642

262 riojii the Ruffian (level 5, 0/39 HPs)
             Began as a Demonspawn Shapeshifter on Oct 11, 2023.
             Was an Initiate of Makhleb.
             Slain by a gnoll
             ... wielding a +0 spear
             ... led by a gnoll bouda
              (3 damage)
             ... on level 4 of the Dungeon.
             The game lasted 00:03:37 (2363 turns).

riojii the Ruffian (Demonspawn Shapeshifter)        Turns: 2363, Time: 00:03:38

Health: 0/39       AC:  6    Str: 16    XL:     5   Next: 97%
Magic:  5/5        EV: 12    Int: 12    God:    Makhleb [......]
Gold:   188        SH:  0    Dex: 12    Spells: 4/4 levels left

rFire   . .          .
                       - Unarmed
rCold   . . .        (no shield)
rNeg    . . .        j - +1 ring mail
rPois   .            (helmet currently unavailable)
rElec   .            (cloak currently unavailable)
rCorr   .            (gloves currently unavailable)
SInv    .            (boots currently unavailable)
Will    .....        (no amulet)
Stlth   +            (no ring)
HPRegen 0.26/turn    (no ring)
MPRegen 0.09/turn

%: no passive effects
@: beast-form
A: beast (slay +1), powered by death 1, sturdy frame 1, demonic touch 2
a: Begin Untransformation, Renounce Religion


You were on level 4 of the Dungeon.
You worshipped Makhleb.
Makhleb was noncommittal.
You were a hulking beast.
You visited 2 branches of the dungeon, and saw 5 of its levels.

You collected 188 gold pieces.

Inventory:

Armour
 j - a +1 ring mail (worn)
Talismans
 c - a beast talisman (active)
Wands
 k - a wand of paralysis (11)
Scrolls
 e - a scroll of immolation
Potions
 b - 2 potions of lignification
 d - a potion of ambrosia {unknown}
 f - 2 potions of heal wounds
 g - a potion of attraction {unknown}
 i - a potion of berserk rage {unknown}


   Skills:
 + Level 2.7 Fighting
 + Level 2.9 Dodging
 * Level 4.3 Unarmed Combat
 + Level 3.4 Shapeshifting


You had 4 spell levels left.
You didn't know any spells.
Your spell library contained the following spells:

 Spells                   Type           Power      Damage    Failure   Level
 Gell's Gravitas          Tloc           0%         N/A       80%         3
 Teleport Other           Tloc           0%         N/A       80%         3
 Tukima's Dance           Hex            0%         N/A       80%         3
 Passage of Golubria      Tloc           0%         N/A       99%         4
 Yara's Violent Unravell  Hex/Tmut       0%         3d3       100%        5
 Dispersal                Tloc           0%         N/A       100%        6


Dungeon Overview and Level Annotations

Branches:
Dungeon (4/15)             Temple (1/1) D:4

Altars:
Cheibriados
Hepliaklqana
Kikubaaqudgha
Makhleb
Okawaru
Qazlal
Trog
Vehumet
Xom
Yredelemnul


Innate Abilities, Weirdness & Mutations

You are a hulking beast.
Your limbs bulge with bestial killing power. (Slay +1)
You regenerate a little health from kills.
Your movements are slightly less encumbered by armour. (ER -2)
Your touch may inflict irresistible damage on your foes.


Message History

The gnoll is lightly wounded.
The gnoll misses you.
The gnoll hits you from afar with a +0 spear.
You are too injured to fight recklessly!
You are too injured to fight recklessly!
You punch the gnoll! Your touch misses the gnoll.
The gnoll is severely wounded.
You hit the gnoll.
You kill the gnoll!
Makhleb accepts your kill. The gnoll barely misses you.
The gnoll closely misses you. The gnoll barely misses you.
Things that are here:
a +0 spear; a gnoll corpse You barely miss the gnoll.
The gnoll hits you from afar with a +4 spear.
The gnoll barely misses you.
You punch the gnoll!
The gnoll is heavily wounded.
The gnoll hits you from afar with a +4 spear.
* * * LOW HITPOINT WARNING * * *
The gnoll barely misses you.
You hit the gnoll. Your touch misses the gnoll.
The gnoll is almost dead.
The gnoll is no longer moving quickly.
The gnoll closely misses you. The gnoll hits you with a +0 spear.
* * * LOW HITPOINT WARNING * * *
You closely miss the gnoll.
The gnoll is almost dead.
The gnoll barely misses you. x2
You closely miss the gnoll.
The gnoll is almost dead.
The gnoll barely misses you. The gnoll hits you with a +0 spear.
* * * LOW HITPOINT WARNING * * *
You hit the gnoll.
You kill the gnoll!
Makhleb accepts your kill. The gnoll closely misses you.
The gnoll hits you from afar with a +0 spear.
You die...

#.# #.# #.#
#.# #.# #.#
#.#
#.#########.#
#..))hgg....#
#############


You could see 2 gnolls.

Vanquished Creatures
  A scorpion (D:2)
  A gnoll bouda (D:4)
  An orc priest (D:3)
  A jelly (D:3)
  3 gnolls (D:4)
  2 adders
  A worm (D:2)
  3 dart slugs
  6 orcs (D:3)
  5 ball pythons
  5 bats
  5 endoplasms
  2 goblins
  4 hobgoblins
  2 quokkas
  3 frilled lizards
  8 kobolds
  A rat (D:2)
54 creatures vanquished.

Notes
Turn   | Place    | Note
-------+----------+-------------------------------------------
     0 | D:1      | riojii the Demonspawn Shapeshifter began the quest for the
                  | Orb.
     0 | D:1      | Reached XP level 1. HP: 15/15 MP: 1/1
   354 | D:1      | Gained mutation: You regenerate a little health from kills.
                  | [demonic ancestry]
   354 | D:1      | Reached XP level 2. HP: 21/21 MP: 2/2
   462 | D:1      | Reached skill level 3 in Unarmed Combat
   800 | D:2      | Noticed a scorpion
   812 | D:2      | Killed a scorpion
   813 | D:2      | Gained mutation: Your touch may inflict minor irresistible
                  | damage on your foes. [demonic ancestry]
   813 | D:2      | Reached XP level 3. HP: 3/27 MP: 3/3
   813 | D:2      | Gained mutation: Your movements are slightly less
                  | encumbered by armour. (ER -2) [demonic ancestry]
   813 | D:2      | Reached XP level 4. HP: 4/33 MP: 4/4
  1658 | D:3      | Gained mutation: Your touch may inflict irresistible damage
                  | on your foes. [demonic ancestry]
  1658 | D:3      | Reached XP level 5. HP: 33/38 MP: 5/5
  1708 | D:3      | Reached skill level 4 in Unarmed Combat
  2170 | D:4      | Found a staircase to the Ecumenical Temple.
  2178 | Temple   | Entered the Ecumenical Temple
  2216 | Temple   | Became a worshipper of Makhleb the Destroyer
  2363 | D:4      | Slain by a gnoll

Illustrated notes

Levels and vault maps discovered:
D:1:      dpeg_arrival_ternary, layout_basic, nrook_mini_vaults
D:2:      layout_loops_ring
D:3:      layout_rooms
D:4:      layout_basic, nicolae_overflow_hallway_of_the_gods,
          mainiacjoe_overflow_brackets, minmay_temple_entry_statues_pillars,
          minmay_strange_pillars, hangedman_abyss_or_decor_passed
Temple:   minmay_temple_curvy_loop

Skill      XL: |  1  2  3  4  5 |
---------------+----------------+-----
Dodging        | 2 |  2.9
Unarmed Combat | 3 4 |  4.3
Fighting       | 2 |  2.7
Shapeshifting  | 3 |  3.4

Action                     |  1- 3 |  4- 6 || total
---------------------------+-------+-------++-------
  Melee: Unarmed           |    75 |    98 ||   173
         Punch             |       |     3 ||     3
         Touch             |       |     7 ||     7
    Use: Scroll            |     3 |     5 ||     8
         Potion            |       |     1 ||     1
   Stab: Sleeping          |     1 |       ||     1
 Armour: Animal skin       |    19 |       ||    19
         Ring mail         |    16 |    44 ||    60
  Dodge: Dodged            |    37 |    64 ||   101

Table legend: (Time is in decaauts)
 A = Elapsed time spent in this place.
 B = Non-inter-level travel time spent in this place.
 C = Inter-level travel time spent in this place.
 D = Time resting spent in this place.
 E = Time spent auto-exploring this place.
 F = Levels seen in this place.
 G = Mean time per level.
                   A        B        C        D        E       F      G
               +--------+--------+--------+--------+--------+-----+--------+
         Total |   2351 |   2132 |    219 |      0 |   1726 |   5 |  470.2 |
       Dungeon |   2277 |   2123 |    154 |      0 |   1726 |   4 |  569.2 |
        Temple |     73 |      8 |     65 |      0 |      0 |   1 |   73.0 |
               +--------+--------+--------+--------+--------+-----+--------+

Top non-repeatable levels by time:
     D:2: 924 daAuts
     D:1: 668 daAuts
     D:3: 549 daAuts
     D:4: 134 daAuts
  Temple: 73 daAuts
